 Dungeon Crawl Stone Soup version 0.29.1-1-gd02db6906a (webtiles) character file.

Game seed: 6153390146775684267

5448 Icepheonix32 the Cleaver (level 10, 0/91 HPs)
             Began as a Minotaur Fighter on Sept 20, 2022.
             Was a High Priest of Okawaru.
             Succumbed to an orange demon's poison
             ... on level 2 of the Abyss.
             The game lasted 00:14:55 (8986 turns).

Icepheonix32 the Cleaver (Minotaur Fighter)         Turns: 8986, Time: 00:14:55

Health: 0/91       AC: 14    Str: 22    XL:     10   Next: 41%
Magic:  9/9        EV: 15    Int:  5    God:    Okawaru [*****.]
Gold:   341        SH: 11    Dex: 18    Spells: 5/9 levels left

rFire   . . .      SeeInvis .   a - +3 war axe (spect)
rCold   . . .      Faith    .   r - +0 kite shield "Exula" {Drain Dex+5}
rNeg    . . .      Spirit   .   b - +0 scale mail
rPois   .          Reflect  .   (helmet restricted)
rElec   .          Harm     .   f - +1 cloak
rCorr   .          Rampage  .   (no gloves)
Will    .....                   C - +2 pair of boots {Fly}
Stlth   +.........              (no amulet)
HPRegen 0.25/turn               B - +4 ring of evasion
MPRegen 0.11/turn               (no ring)

@: lethally poisoned (0 -> -4), flying
A: horns 2, retaliatory headbutt
a: Renounce Religion, Heroism, Finesse, Duel


You were on level 2 of the Abyss.
You worshipped Okawaru.
Okawaru was extremely pleased with you.
You visited 2 branches of the dungeon, and saw 10 of its levels.
You visited the Abyss 1 time.
You also visited: Ossuary.

You collected 485 gold pieces.
You spent 144 gold pieces at shops.

Inventory:

Hand Weapons
 a - a +3 spectral war axe (weapon)
 A - a +0 hand axe of flaming
 F - the +0 staff of Battle
   (You found it on level 8 of the Dungeon)

   It enhances your conjuration magic.
   It summons a battlesphere in combat, with strength depending on Conjurations
   skill.
   Its strikes trigger the battlesphere's blasts.
Missiles
 l - 10 boomerangs (quivered)
 z - a throwing net
 G - 6 silver javelins
Armour
 b - a +0 scale mail (worn)
 f - a +1 cloak (worn)
 r - the +0 kite shield "Exula" (worn) {Drain Dex+5}
   (You found it on level 2 of the Dungeon)

   Dex:       It affects your dexterity (+5).
   Drain:     It drains your maximum health when unequipped.
 C - a +2 pair of boots of flying (worn)
Jewellery
 g - a ring of ice
 B - a +4 ring of evasion (left hand)
Wands
 w - a wand of flame (17)
 E - a wand of digging (6)
 H - a wand of quicksilver (13)
Scrolls
 c - a scroll of silence
 i - 2 scrolls of vulnerability
 j - a scroll of blinking
 k - 4 scrolls of amnesia
 m - 2 scrolls of fog
 n - 4 scrolls of teleportation
 q - 3 scrolls of identify
 s - 2 scrolls of immolation
 x - a scroll of poison
 y - a scroll of fear
Potions
 d - a potion of invisibility
 e - 5 potions of curing
 h - a potion of might
 p - 3 potions of haste
 t - 2 potions of resistance
 u - 2 potions of attraction
 v - a potion of flight
 D - 2 potions of lignification
Miscellaneous
 I - a phantom mirror


   Skills:
 * Level 9.6 Fighting
 - Level 10.9 Axes
 + Level 1.5 Staves
 + Level 8.3 Armour
 + Level 4.6 Dodging
 + Level 2.2 Stealth
 + Level 8.1 Shields
 * Level 1.2 Conjurations


You had 5 spell levels left.
You knew the following spells:

 Your Spells              Type           Power      Damage    Failure   Level
a - Hailstorm             Conj/Ice       0%         3d3       100%        4

Your spell library contained the following spells:

 Spells                   Type           Power      Damage    Failure   Level
 Sting                    Tmut/Pois      0%         1d3       97%         1
 Blink                    Tloc           0%         N/A       99%         2
 Poisonous Vapours        Pois/Air       0%         N/A       99%         2
 Lesser Beckoning         Tloc           0%         N/A       100%        3
 Ice Form                 Ice/Tmut       0%         N/A       100%        4
 Leda's Liquefaction      Hex/Erth       0%         N/A       100%        4
 Olgreb's Toxic Radiance  Pois           0%         N/A       100%        4
 Lee's Rapid Deconstruct  Erth           0%         3d5*      100%        5
 Manifold Assault         Tloc           0%         N/A       100%        5
 Statue Form              Tmut/Erth      0%         N/A       100%        6
 Simulacrum               Ice/Necr       Unusable   N/A       N/A         6

Dungeon Overview and Level Annotations

Branches:
Dungeon (9/15)             Temple (1/1) D:4            Lair (0/5) D:8
Ossuary (visited)
    Orc: D:9-12

Altars:
Ashenzari
Cheibriados
Dithmenos
Elyvilon
Fedhas
Gozag
Hepliaklqana
Kikubaaqudgha
Makhleb
Nemelex Xobeh
Okawaru
Qazlal
Ru
Sif Muna
Trog
Uskayaw
Vehumet
Wu Jian
Xom
Yredelemnul
Zin
The Shining One

Shops:
D:1 *   D:7 (*=


Innate Abilities, Weirdness & Mutations

You have a pair of horns on your head.
You reflexively headbutt those who attack you in melee.


Message History

The orange demon hits you but does no damage.
You slash the orange demon!
You headbutt the orange demon, but do no damage.
The orange demon is lightly wounded.
* * * LOW HITPOINT WARNING * * *
You feel very sick.
The orange demon stings you but does no damage.
The orange demon barely misses you.
You hit the orange demon.
The orange demon is moderately wounded.
* * * LOW HITPOINT WARNING * * *
You feel very sick. You block the orange demon's attack.
The orange demon hits you but does no damage.
A brown very ugly thing comes into view.
The brown very ugly thing gurgles horribly!
You hit the orange demon.
The orange demon is moderately wounded.
* * * LOW HITPOINT WARNING * * *
You feel very sick.
You hear a horrible gurgling sound!
The orange demon stings you but does no damage.
The orange demon barely misses you.
You hit the orange demon but do no damage.
Your headbutt misses the orange demon.
The orange demon is moderately wounded.
* * * LOW HITPOINT WARNING * * *
You feel sick. You block the orange demon's attack. x3
The orange demon closely misses you.
Unknown command.
You slash the orange demon!
The orange demon is severely wounded.
* * * LOW HITPOINT WARNING * * *
You feel sick.
The orange demon stings you but does no damage.
The orange demon hits you but does no damage.
Unknown command.
You slash the orange demon! Your headbutt misses the orange demon.
The orange demon is almost dead.
You die...

.. ##.. . . .. ..
.. .#.# ...## #.
.##### . ...##
.#.#...... ...
#.#.. .# #..#
#4#####...# .....
##@..#....### ##
# ##..##.....#.#.
........##...#...
........#...#. .
#..##.u.##......
.# ...#
........#.... ..
..# #...##......
..#. .#
##....###.#..#..
. #. ## .#


You could see a brown very ugly thing and an orange demon.

Vanquished Creatures
  An elephant (D:8)
  Joseph (D:7)
  An unseen horror (D:7)
  2 tengu conjurers
  A troll (D:9)
  A wyvern (D:7)
  2 basilisks (D:8)
  4 yaks
  Duvessa (D:4)
  A water moccasin (D:6)
  3 sky beasts
  A black bear (D:5)
  2 ice beasts (D:8)
  A phantom (D:6)
  3 kobold brigands
  Blork the orc (D:4)
  A bullfrog (D:6)
  A necrophage (D:6)
  A gnoll sergeant (D:5)
  A scorpion (D:4)
  4 water moccasin zombies (Ossuary)
  Dowan (D:4)
  A vampire bat (D:3)
  3 jellies
  5 orc priests
  3 gnoll boudas
  2 hounds
  Jessica (D:3)
  2 iguanas
  Natasha (thrice) (D:3)
  7 orc wizards
  2 mummies (Ossuary)
  16 gnolls
  8 adders
  2 shadow imps
  3 ufetubi
  A worm zombie (D:5)
  5 adder zombies (Ossuary)
  2 worms
  A dart slug (D:4)
  3 fire bats (D:3)
  28 orcs
  2 spectral bats (D:3)
  5 ball pythons
  3 bat skeletons (D:3)
  A bat zombie (D:3)
  3 endoplasms
  A giant cockroach (D:3)
  5 hobgoblins
  7 jackals
  3 quokkas
  14 bats
  A bat simulacrum (D:3)
  6 frilled lizards
  5 gnoll zombies (Ossuary)
  3 goblins
  5 hobgoblin zombies (Ossuary)
  12 kobolds
  5 kobold zombies
  4 orc zombies (Ossuary)
218 creatures vanquished.

Vanquished Creatures (others)
  A plant (D:8)
1 creature vanquished.

Grand Total: 219 creatures vanquished

Notes
Turn   | Place    | Note
-------+----------+-------------------------------------------
     0 | D:1      | Icepheonix32 the Minotaur Fighter began the quest for the
                  | Orb.
     0 | D:1      | Reached XP level 1. HP: 19/19 MP: 0/0
    17 | D:1      | Found Bachy's Assorted Antiques.
   339 | D:1      | Reached XP level 2. HP: 22/27 MP: 1/1
   773 | D:2      | Reached skill level 3 in Axes
   797 | D:2      | Reached XP level 3. HP: 33/33 MP: 2/2
   932 | D:2      | Identified the +0 kite shield "Exula" {Drain Dex+5}
  1648 | D:3      | Noticed Jessica
  1652 | D:3      | Killed Jessica
  1653 | D:3      | Reached XP level 4. HP: 41/41 MP: 3/3
  1668 | D:3      | Noticed Natasha
  1672 | D:3      | Killed Natasha
  1876 | D:3      | Noticed Natasha
  1882 | D:3      | Reached skill level 4 in Axes
  1883 | D:3      | Killed Natasha
  1912 | D:3      | Noticed Natasha
  1918 | D:3      | Killed Natasha
  1919 | D:3      | Reached XP level 5. HP: 18/47 MP: 4/4
  2377 | D:3      | Reached skill level 1 in Dodging
  2421 | D:3      | Reached skill level 5 in Fighting
  2421 | D:3      | Reached skill level 5 in Axes
  2421 | D:3      | Reached XP level 6. HP: 56/56 MP: 5/5
  2476 | D:3      | Found a faded altar of an unknown god.
  2813 | D:4      | Found a staircase to the Ecumenical Temple.
  2825 | D:4      | Reached skill level 5 in Shields
  2830 | Temple   | Entered the Ecumenical Temple
  3127 | Temple   | Became a worshipper of Warmaster Okawaru
  3488 | D:4      | Noticed Blork the orc
  3495 | D:4      | Killed Blork the orc
  3496 | D:4      | Reached skill level 5 in Armour
  3803 | D:4      | Noticed Duvessa
  3804 | D:4      | Noticed Dowan
  3813 | D:4      | Killed Duvessa
  3814 | D:4      | Reached skill level 6 in Axes
  3814 | D:4      | Reached XP level 7. HP: 17/61 MP: 6/6
  3817 | D:4      | Killed Dowan
  4131 | D:5      | Entered Level 5 of the Dungeon
  4277 | D:5      | Found a sand-covered staircase.
  4289 | Ossuary  | Entered an ossuary
  4342 | Ossuary  | Reached * piety under Okawaru
  4389 | Ossuary  | Reached skill level 7 in Axes
  4548 | D:5      | Found a hide-covered altar of Uskayaw.
  4549 | D:5      | Found a hazy altar of Hepliaklqana.
  4594 | D:5      | Reached XP level 8. HP: 63/70 MP: 7/7
  4732 | D:5      | Reached skill level 1 in Stealth
  4857 | D:5      | Reached skill level 8 in Axes
  5138 | D:6      | Reached ** piety under Okawaru
  5619 | D:6      | Reached skill level 9 in Axes
  6081 | D:6      | Reached XP level 9. HP: 79/79 MP: 8/8
  6766 | D:7      | Noticed Joseph
  6776 | D:7      | Killed Joseph
  6776 | D:7      | Reached *** piety under Okawaru
  6777 | D:7      | Reached skill level 10 in Axes
  7099 | D:7      | Killed an unseen horror
  7369 | D:7      | Found Ocaetek's Jewellery Boutique.
  7369 | D:7      | Found Moulaan's General Store.
  7371 | D:7      | Found Fuenue's Antique Weapon Boutique.
  7382 | D:7      | Bought a runed hand axe for 144 gold pieces
  7732 | D:8      | Found a staircase to the Lair.
  7732 | D:8      | Noticed an elephant
  7751 | D:8      | Reached **** piety under Okawaru
  7754 | D:8      | Killed an elephant
  7755 | D:8      | Reached XP level 10. HP: 73/91 MP: 9/9
  7991 | D:8      | Identified the +0 hand axe of Mana {protect, Int+6}
  8046 | D:8      | Found the +0 staff of Battle
  8069 | D:8      | Learned a level 4 spell: Hailstorm
  8851 | D:9      | Found a sparkling altar of Nemelex Xobeh.
  8852 | D:9      | Found a burning altar of Makhleb.
  8853 | D:9      | Found an iron altar of Okawaru.
  8853 | D:9      | Found a hide-covered altar of Uskayaw.
  8863 | D:9      | Noticed a wizard
  8879 | D:9      | Reached skill level 1 in Staves
  8879 | D:9      | Reached skill level 1 in Conjurations
  8893 | D:9      | Noticed a cyclops
  8934 | D:9      | Reached ***** piety under Okawaru
  8936 | Abyss:2  | Cast into level 2 of the Abyss (a wizard)
  8978 | Abyss:2  | Noticed an orange demon
  8983 | Abyss:2  | Noticed a brown very ugly thing
  8983 | Abyss:2  | HP: 4/91 [poisoned by an orange demon]
  8985 | Abyss:2  | HP: 1/91 [poisoned by an orange demon]
  8986 | Abyss:2  | Succumbed to an orange demon's poison

Illustrated notes

Levels and vault maps discovered:
D:1:      ebering_hopf_link, layout_rooms, serial_shops, shop
D:2:      layout_basic
D:3:      layout_loops_cross, hellmonk_ecumenical_altar_lost_god,
          kennysheep_nub, minmay_statues_item, goddamned_bats, uniq_jessica,
          uniq_natasha
D:4:      layout_basic, minmay_temple_entry_glass, uniq_blork_the_orc,
          uniq_duvessa
D:5:      layout_basic, nicolae_overflow_squiral, enter_ossuary_3
D:6:      layout_loops_ring
D:7:      layout_basic, nicolae_wooded_promenade, chequers_decorated_corner,
          uniq_joseph
D:8:      layout_gridville, david_lair_generic,
          hellmonk_guarded_unrand_staff_of_battle
D:9:      minmay_the_grid_octo_triangle [minmay_the_grid_octo_shrine,
          minmay_the_grid_octo_prize_star, minmay_the_grid_octo_teeth],
          layout_basic, minmay_diamond_spiral, uniq_pikel, uniq_psyche,
          uniq_erolcha
Temple:   nicolae_temple_bog_church
Abyss:2:  base:
D:8

Skill      XL: |  1  2  3  4  5  6  7  8  9 10 |
---------------+-------------------------------+-----
Fighting       | 4 5 6 7 9 |  9.6
Axes           | 3 4 5 6 7 9 10 | 10.9
Armour         | 4 5 6 7 8 |  8.3
Shields        | 4 5 6 7 8 |  8.1
Dodging        | 1 2 3 4 |  4.6
Stealth        | 2 |  2.2
Staves         | 1 |  1.5
Conjurations   | 1 |  1.2

Action                   |  1- 3 |  4- 6 |  7- 9 | 10-12 || total
-------------------------+-------+-------+-------+-------++-------
Melee: War axe           |    65 |    66 |   193 |    21 ||   345
       Headbutt          |     8 |    14 |    46 |    17 ||    85
       Hand axe          |       |    38 |     4 |       ||    42
       Staff             |       |       |       |    67 ||    67
Invok: Heroism           |       |       |       |     1 ||     1
  Use: Potion            |       |     1 |     4 |     3 ||     8
       Scroll            |       |       |    21 |     3 ||    24
 Stab: Distracted        |       |       |     2 |       ||     2
Armor: Scale mail        |    26 |    74 |    88 |    43 ||   231
Dodge: Dodged            |    35 |    55 |    64 |    58 ||   212
Block: Buckler           |    16 |       |       |       ||    16
       Kite shield       |     3 |    79 |    90 |    65 ||   237
